Map: Orbital Shipyard

Players

MarineLorD

  • Race: Terran Terran
  • League: Platinum

Nerchio - Winner!

  • Race: Zerg Zerg
  • League: Grandmaster

Event: NationWars III

VOD

Have the link to the VOD?

Description

Time

  • Played on: Dec. 5, 2015, 3:38 p.m.
  • Length: 13:20
Show
View Real Time Build Order
Export as new Build Order

MarineLorD Terran 

Build Orders: Bio Tank 

Get SALT Encoding   

  12  0:00  SCV  
  13  0:12  SCV  
  14  0:17  Supply Depot  
  14  0:24  SCV  
  15  0:34  Refinery  
  15  0:39  SCV  
  16  0:44  Barracks  
  16  0:51  SCV  
  17  1:03  SCV  
  18  1:06  Barracks  
  18  1:15  SCV  
  19  1:20  Barracks  
  19  1:27  SCV  
  19  1:32  Reaper  
  21  1:39  Orbital Command  
  21  1:49  Supply Depot  
  21  1:53  Reaper  
  22  1:57  Refinery  
  22  2:04  Reaper  
  23  2:11  SCV  
  23  2:13  Reaper  
  25  2:23  Supply Depot, SCV  
  25  2:26  Reaper  
  27  2:35  SCV  
  28  2:37  Reaper  
  29  2:47  SCV, Reaper  
  31  2:57  Command Center  
  31  2:59  SCV  
  33  3:05  Reaper  
  33  3:11  SCV  
  34  3:13  Reaper  
  34  3:15  Supply Depot  
  35  3:24  SCV  
  35  3:26  Reaper  
  37  3:36  SCV  
  37  3:37  Reaper  
  39  3:48  SCV  
  40  3:49  Barracks Reactor  
  40  3:50  Command Center  
  40  3:58  Barracks Tech Lab  
  40  4:00  SCV  
  41  4:10  Orbital Command  
  41  4:12  SCV  
  41  4:13  Barracks Reactor  
  42  4:17  Marauder  
  42  4:20  Stimpack  
  44  4:24  SCV  
  44  4:26  Marine x2  
  47  4:36  SCV  
  48  4:38  Marine  
  48  4:40  SCV  
  50  4:46  Marine x2  
  50  4:48  SCV  
  50  4:49  Marine x2  
  50  4:52  SCV  
  55  4:54  Factory  
  55  4:56  Marine  
  56  5:03  Marine  
  56  5:04  SCV, Marine  
  56  5:05  Orbital Command  
  57  5:09  SCV  
  57  5:10  Marine x2  
  60  5:14  Marauder  
  60  5:16  SCV  
  64  5:21  SCV, Marine x2  
  64  5:24  Supply Depot  
  64  5:28  SCV, Marine x2  
  68  5:31  SCV  
  68  5:33  SCV, Orbital Command  
  71  5:36  Marauder  
  71  5:39  Marine  
  71  5:40  SCV, Factory Reactor  
  75  5:43  Starport, Marine  
  75  5:44  Refinery x2  
  75  5:48  Supply Depot  
  75  5:49  Supply Depot, SCV  
  77  5:51  Marine x2  
  77  5:52  SCV  
  77  5:57  Marine x2  
  80  6:01  SCV x2  
  80  6:02  Marine  
  85  6:09  SCV  
  86  6:13  SCV, Engineering Bay  
  86  6:14  SCV  
  86  6:16  Engineering Bay, Marine x2  
  86  6:17  Marine  
  90  6:20  Combat Shields  
  90  6:21  SCV  
  90  6:24  Refinery  
  90  6:25  SCV  
  92  6:27  SCV, Factory Tech Lab  
  92  6:28  Medivac  
  92  6:30  Supply Depot, Medivac  
  97  6:34  SCV  
  97  6:37  SCV  
  97  6:38  Refinery  
  97  6:39  SCV  
  100  6:44  Supply Depot  
  100  6:45  Supply Depot  
  100  6:46  SCV  
  101  6:51  Marine x2  
  101  6:52  SCV, Siege Tank  
  107  7:00  Terran Infantry Weapons Level 1  
  107  7:01  Terran Infantry Armor Level 1, SCV  
  107  7:03  SCV  
  107  7:06  SCV  
  107  7:07  Supply Depot  
  110  7:10  Marine x2  
  110  7:12  Marine  
  110  7:13  SCV  
  110  7:14  Medivac x2  
  118  7:17  Marine  
  118  7:18  SCV, Marine  
  121  7:26  Siege Tank  
  121  7:27  Barracks x2  
  121  7:28  Marine x2  
  121  7:29  Marine  
  125  7:34  Supply Depot  
  125  7:35  Marine x2  
  125  7:42  SCV x2  
  125  7:43  Factory  
  127  7:44  Medivac x2  
  127  7:46  Marine x2  
  127  7:48  Supply Depot  
  133  7:52  Armory  
  133  7:55  Marine x2  
  135  7:58  Siege Tank  
  135  7:59  Supply Depot  
  135  8:04  Marine x2  
  135  8:05  Marine  
  137  8:06  Supply Depot  
  137  8:08  Supply Depot x2  
  138  8:13  Marine  
  138  8:14  Marine x2  
  138  8:15  Marine  
  140  8:22  Marine x2  
  140  8:23  Marine  
  135  8:29  Factory Tech Lab  
  135  8:31  Marine x2  
  135  8:33  Supply Depot  
  139  8:39  Barracks Reactor x2, Siege Tank  
  139  8:40  Marine x2  
  139  8:41  Marine  
  142  8:49  Siege Tank, Marine x2  
  147  8:56  Terran Infantry Weapons Level 2  
  147  8:58  Barracks, Marine x2  
  147  9:00  Barracks  
  147  9:01  Barracks, Marine  
  150  9:07  Terran Infantry Armor Level 2, Marine x2  
  150  9:08  Terran Vehicle Weapons Level 1  
  152  9:11  Siege Tank  
  152  9:15  Marine  
  152  9:16  Marine  
  157  9:19  Marine x4  
  157  9:20  Marine  
  157  9:21  Siege Tank  
  160  9:25  Marine x2  
  152  9:33  Marine x2, Medivac  
  152  9:34  Command Center  
  152  9:37  Marine x5  
  161  9:42  Marine  
  161  9:43  Siege Tank, Marine  
  161  9:44  Medivac  
  168  9:47  Barracks Tech Lab  
  168  9:48  Barracks Tech Lab x2  
  168  9:51  Marine x2  
  170  9:53  Siege Tank  
  170  9:55  Marine x4  
  170  9:56  Marine  
  178  10:00  Marine x2  
  178  10:03  Supply Depot x2, Medivac  
  178  10:05  Ghost Academy  
  182  10:14  Medivac  
  189  10:16  Siege Tank  
  179  10:33  Ghost x3, Medivac  
  187  10:42  Ghost  
  187  10:44  Marine x4  
  187  10:47  Marine  
  187  10:48  Marine  
  187  10:49  Sensor Tower  
  195  11:02  Ghost x2, Marine  
  198  11:04  Ghost  
  200  11:14  Command Center  
  200  11:24  Marine  
  188  11:30  Refinery, Ghost x2  
  188  11:31  Refinery  
  187  11:43  Planetary Fortress  
  187  11:46  Marine x3  
  190  11:48  Marine  
  190  11:49  Marine  
  169  12:11  Ghost  
  169  12:12  Marine x3  
  158  12:16  Marauder, Ghost x2, Marine x3  
  167  12:23  Siege Tank  
  166  12:30  Siege Tank  
  169  12:37  Ghost  
  169  12:39  Ghost  
  133  12:45  Ghost x2  
  133  12:49  Marine x2  
  131  12:52  Marine  
  131  12:54  Marine x2  
  131  12:55  Marine x2  
  115  13:00  Marine  
Show
View Real Time Build Order
Export as new Build Order

Nerchio Zerg - Winner!

Build Orders: Hatch First 

Get SALT Encoding   

  12  0:00  Drone  
  13  0:12  Overlord  
  13  0:17  Drone  
  14  0:30  Drone x2  
  14  0:34  Drone  
  17  0:52  Hatchery  
  17  0:55  Drone  
  17  0:58  Drone  
  18  1:12  Spawning Pool  
  18  1:14  Drone  
  18  1:17  Drone  
  19  1:19  Extractor  
  18  1:28  Drone  
  19  1:38  Overlord  
  19  1:59  Zergling x2, Queen  
  19  2:00  Zergling x2  
  23  2:03  Queen  
  23  2:04  Zergling x2  
  26  2:12  Drone, Roach Warren  
  26  2:15  Drone  
  26  2:22  Drone  
  28  2:30  Drone  
  28  2:34  Drone  
  28  2:36  Drone  
  31  2:43  Drone  
  31  2:48  Overlord  
  31  2:54  Drone  
  32  2:59  Roach  
  32  3:04  Roach  
  34  3:07  Roach x3  
  34  3:08  Roach  
  42  3:13  Roach  
  42  3:14  Overlord  
  42  3:18  Overlord  
  44  3:29  Overlord  
  44  3:34  Drone  
  44  3:35  Drone x2  
  44  3:37  Drone  
  44  3:40  Drone  
  44  3:41  Drone x2  
  51  3:42  Drone  
  51  3:44  Extractor  
  51  3:50  Drone  
  51  3:53  Drone  
  53  3:59  Queen  
  53  4:01  Drone  
  56  4:03  Drone  
  56  4:08  Roach x3  
  63  4:12  Extractor  
  63  4:13  Evolution Chamber  
  63  4:15  Drone x2  
  63  4:18  Drone  
  63  4:19  Drone  
  65  4:26  Drone x2  
  65  4:27  Evolution Chamber  
  66  4:36  Overlord  
  66  4:39  Overlord  
  66  4:54  Zerg Melee Weapons Level 1  
  66  4:56  Zerg Ground Armor Level 1  
  66  4:57  Drone  
  66  4:58  Drone  
  66  4:59  Drone  
  69  5:01  Drone  
  69  5:03  Drone  
  69  5:04  Drone  
  69  5:05  Hatchery  
  69  5:06  Drone  
  72  5:08  Drone  
  72  5:10  Drone  
  74  5:15  Lair  
  74  5:17  Drone  
  74  5:20  Drone  
  76  5:22  Metabolic Boost  
  76  5:23  Extractor  
  76  5:25  Overlord  
  75  5:32  Drone x4  
  79  5:37  Ravager x2  
  79  5:38  Drone x2, Ravager  
  79  5:41  Overlord  
  84  5:43  Overlord  
  84  5:45  Drone  
  85  5:50  Drone  
  85  5:54  Drone  
  87  5:58  Overlord  
  87  6:05  Drone  
  87  6:08  Extractor  
  87  6:09  Overlord  
  87  6:11  Extractor  
  86  6:15  Drone x3  
  89  6:18  Drone  
  89  6:19  Drone x3  
  89  6:20  Drone  
  89  6:25  Infestation Pit, Glial Reconstitution  
  93  6:27  Drone  
  93  6:30  Drone  
  93  6:32  Drone  
  96  6:34  Drone, Overseer  
  97  6:40  Overlord  
  97  6:42  Drone x3  
  97  6:46  Roach x4  
  108  6:51  Roach x2  
  108  6:53  Zerg Ground Armor Level 2, Zerg Melee Weapons Level 2  
  112  7:07  Hive, Infestor  
  114  7:09  Infestor  
  114  7:11  Zergling x18  
  126  7:15  Zergling x4  
  126  7:16  Zergling x2  
  128  7:35  Zergling x2  
  128  7:36  Hatchery, Zergling x14  
  135  7:37  Zergling x6  
  135  7:40  Spore Crawler  
  135  7:42  Spore Crawler, Zergling x2  
  135  7:43  Spore Crawler, Zergling x2  
  137  7:45  Spore Crawler  
  137  7:48  Spore Crawler  
  137  7:49  Spore Crawler  
  137  7:50  Drone  
  137  7:51  Drone x2  
  137  7:55  Pneumatized Carapace  
  137  7:56  Overlord  
  137  7:57  Overlord  
  137  8:00  Overlord  
  137  8:02  Overlord  
  137  8:05  Overlord  
  136  8:18  Zergling x12  
  139  8:24  Zergling x2  
  139  8:25  Zergling x2  
  136  8:31  Zergling x8  
  136  8:33  Adrenal Glands  
  140  8:35  Ultralisk Cavern  
  140  8:37  Ravager x3  
  140  8:38  Zergling x6  
  145  8:46  Overlord  
  145  8:49  Queen  
  145  8:54  Extractor  
  146  8:57  Overlord x2  
  146  9:02  Overlord x4  
  146  9:06  Zergling x14  
  146  9:08  Overlord  
  153  9:13  Extractor  
  153  9:15  Drone  
  153  9:16  Drone x2  
  155  9:27  Chitinous Plating, Zerg Ground Armor Level 3  
  155  9:30  Ultralisk  
  161  9:38  Ultralisk  
  167  9:45  Ultralisk  
  173  9:52  Drone x3  
  176  9:56  Ultralisk  
  182  10:03  Zerg Melee Weapons Level 3  
  182  10:07  Ultralisk  
  187  10:19  Drone  
  187  10:20  Drone x4, Spire  
  187  10:21  Overlord  
  190  10:25  Spore Crawler  
  190  10:26  Spore Crawler  
  188  10:33  Ultralisk  
  194  10:47  Ultralisk  
  200  10:57  Hatchery  
  196  11:15  Spine Crawler x3  
  192  11:35  Corruptor x2  
  192  11:36  Corruptor  
  198  11:40  Baneling Nest  
  198  11:43  Hatchery  
  196  11:51  Greater Spire  
  193  12:03  Zergling x32  
  193  12:04  Zergling x10  
  180  12:08  Ultralisk  
  180  12:09  Ultralisk x2  
  180  12:11  Zergling x8  
  180  12:12  Zergling x4  
  192  12:18  Zergling x4  
  192  12:19  Overlord x2  
  192  12:22  Overlord  
  191  12:31  Overlord  
  189  12:42  Zergling x6  
  189  12:43  Zergling x14  
  174  12:57  Zergling x2  
  174  12:58  Zergling x4  
  183  12:59  Zergling x2  
  183  13:02  Zergling x4  
  183  13:03  Zergling x2  
Tags
 
Add a new tag
Caveats
  • Supply blocks, unpowered buildings, or Contaminate may cause inaccurate times.
  • Supply counts are checked every 10 seconds.